 Dungeon Crawl Stone Soup version 0.32-a0-411-g744942f433 (webtiles) character file.

Game seed: 16991037342116094516

4439 pokeman the Thaumaturge (level 10, 0/56 HPs)
             Began as a Deep Elf Hedge Wizard on Feb 21, 2024.
             Slain by a wight
             ... wielding a +1 spear of freezing
              (10 damage)
             ... on level 7 of the Dungeon.
             The game lasted 00:21:11 (9280 turns).

pokeman the Thaumaturge (Deep Elf Hedge Wizard)     Turns: 9280, Time: 00:21:12

Health: 0/56       AC:  3    Str:  7    XL:     10   Next: 14%
Magic:  18/29      EV: 13    Int: 24    God:
Gold:   370        SH:  5    Dex: 14    Spells: 27/35 levels left

rFire   . . .        w - +0 halberd (venom)
rCold   . . .        (shield currently unavailable)
rNeg    . . .        b - +0 robe
rPois   .            c - +0 hat
rElec   .            A - +0 cloak
rCorr   .            (no gloves)
SInv    .            (no boots)
Will    +....        g - amulet of reflection
Stlth   ++           (no ring)
HPRegen 0.29/turn    (no ring)
MPRegen 0.21/turn

%: reflection
@: no status effects
A: no striking features
a: no special abilities


You were on level 7 of the Dungeon.
You visited 2 branches of the dungeon, and saw 8 of its levels.

You collected 370 gold pieces.

Inventory:

Hand Weapons
 w - a +0 halberd of venom (weapon)
 y - a +3 quarterstaff of chaos
Missiles
 B - a curare-tipped dart
Armour
 b - a +0 robe (worn)
 c - a +0 hat (worn)
 A - a +0 cloak (worn)
Magical Staves
 s - a staff of earth
Jewellery
 g - an amulet of reflection (around neck)
Wands
 h - a wand of acid (4)
 u - a wand of flame (9)
 C - a wand of paralysis (4)
 E - a wand of roots (10)
Scrolls
 a - a scroll of fog {unknown}
 i - a scroll of enchant armour {unknown}
 k - 2 scrolls of brand weapon {unknown}
 l - 6 scrolls of identify {unknown}
 n - a scroll of butterflies {unknown}
 o - 2 scrolls of noise {unknown}
 p - a scroll of fear {unknown}
 r - 3 scrolls of enchant weapon {unknown}
Potions
 d - a potion of magic
 e - a potion of mutation {unknown}
 f - 4 potions of curing
 j - 3 potions of resistance {unknown}
 m - 4 potions of lignification {unknown}
 q - 3 potions of brilliance {unknown}
 t - 2 potions of heal wounds {unknown}
 v - a potion of enlightenment {unknown}
 x - a potion of attraction {unknown}
 z - 2 potions of berserk rage {unknown}
 D - a potion of haste {unknown}


   Skills:
 + Level 4.0 Fighting
 - Level 3.2 Armour
 - Level 3.0 Dodging
 - Level 3.0 Stealth
 * Level 13.0 Spellcasting
 + Level 7.3 Conjurations
 - Level 1.1 Summonings
 - Level 1.1 Translocations
 - Level 1.0 Air Magic
 + Level 5.9 Earth Magic
 - Level 1.0 Alchemy
 - Level 2.0 Evocations


You had 27 spell levels left.
You knew the following spells:

 Your Spells              Type           Power      Damage    Failure   Level
a - Magic Dart            Conj           100%       1d8       1%          1
b - Mephitic Cloud        Conj/Alch/Air  30%        N/A       3%          3
c - Call Imp              Summ           40%        N/A       3%          2
d - Blink                 Tloc           40%        N/A       3%          2

Your spell library contained the following spells:

 Spells                   Type           Power      Damage    Failure   Level
 Sting                    Conj/Alch      100%       1d9       1%          1
 Apportation              Tloc           40%        N/A       2%          1
 Summon Small Mammal      Summ           80%        N/A       2%          1
 Necrotise                Necr           60%        1d7       3%          1
 Slow                     Hex            60%        N/A       3%          1
 Cigotuvi's Dreadful Rot  Necr/Alch/Air  36%        N/A       4%          2
 Call Canine Familiar     Summ           20%        N/A       8%          3
 Summon Blazeheart Golem  Fire/Summ      18%        N/A       30%         4


Dungeon Overview and Level Annotations

Branches:
Dungeon (7/15)             Temple (1/1) D:5

Altars:
Ashenzari
Cheibriados
Dithmenos
Fedhas
Gozag
Hepliaklqana
Kikubaaqudgha
Makhleb
Nemelex Xobeh
Okawaru
Qazlal
Ru
Uskayaw
Wu Jian
Yredelemnul
Zin
The Shining One
Beogh

Shops:
D:1 (!   D:3 [

Annotations:
D:6 1 runed translucent door, kftrendy's ghost, novice MDFi


Message History

Aiming: Magic Dart (safe; 1% risk of failure)
Press: ? - help, Shift-Dir - straight line, f/p - two-headed ogre
Aim: a two-headed ogre, wielding a +0 giant club and a +0 giant spiked club (almost dead, confused, very poisoned, 100% to hit)
The magic dart hits the two-headed ogre.
The two-headed ogre is almost dead.
Unknown command.
Casting: Magic Dart (safe; 1% risk of failure)
Confirm with . or Enter, or press ? or * to list all spells.
Aiming: Magic Dart (safe; 1% risk of failure)
Press: ? - help, Shift-Dir - straight line, f/p - two-headed ogre
Aim: a two-headed ogre, wielding a +0 giant club and a +0 giant spiked club (almost dead, confused, very poisoned, 100% to hit)
The magic dart hits the wight.
The wight is moderately damaged.
The two-headed ogre asks, "Where am I?"
Casting: Magic Dart (safe; 1% risk of failure)
Confirm with . or Enter, or press ? or * to list all spells.
Aiming: Magic Dart (safe; 1% risk of failure)
Press: ? - help, Shift-Dir - straight line, f - wight
Aim: a wight, wielding a +1 spear of freezing and wearing a +0 robe (noxious fumes, moderately damaged, 100% to hit)
The magic dart hits the wight.
The wight is heavily damaged.
Unknown command.
Casting: Magic Dart (safe; 1% risk of failure)
Confirm with . or Enter, or press ? or * to list all spells.
A tiny devil pulls itself out of the air.
The wight hits you from afar with a +1 spear of freezing.
* * * LOW HITPOINT WARNING * * *
You feel drained.
* * * LOW HITPOINT WARNING * * *
The wight freezes you.
* * * LOW HITPOINT WARNING * * *
Your cerulean imp hits the wight with a -2 spear.
You feel a bit more experienced.
Your cerulean imp hits the wight but does no damage.
Your life force feels restored.
Your Fighting skill increases to level 4!
Your Spellcasting skill increases to level 13!
The wight attacks as it pursues you!
The wight hits you from afar with a +1 spear of freezing!
You die...

.........'........#'##'### #...[.
......####........#.##.# #.....
......'..'.)......#.##.#####.....
......####........#.##.....###'#+
......# ######+###.##.....# #.#.
......# #.#...##.....# #.#.
......# #.#.####.#######'#'
+###### #######'#.........# #....
#.......@.####....# #....
#.[.......####....###....
#.......z.+..'....+......
#.........####....#######
###########..5.....[..# #......
#...........# #......
#.°°........####### #......
#○.☼............... .......
##........##........


You could see a wight (ally target) and a friendly cerulean imp (summoned).

Vanquished Creatures
  A two-headed ogre (D:7)
  Maurice (D:7)
  Jeremiah (D:6)
  Sigmund (D:6)
  Eustachio (D:6)
  Edmund (D:6)
  A water moccasin (D:7)
  Duvessa (D:4)
  2 ice beasts
  A black bear (D:6)
  2 sky beasts (D:6)
  3 centaurs
  2 phantoms
  A kobold brigand (D:6)
  A bullfrog (D:5)
  3 scorpions
  A wight (D:7)
  2 bombardier beetles (D:5)
  7 hounds
  2 jellies
  A gnoll bouda (D:6)
  2 centaur zombies (D:7)
  Crazy Yiuf (D:5)
  An orc priest (D:6)
  5 orc wizards
  A sleepcap (D:5)
  Natasha (thrice) (D:3)
  4 iguanas
  A howler monkey zombie (D:7)
  8 adders
  11 gnolls
  A shadow imp (D:6)
  3 ufetubi (D:6)
  2 dart slugs (D:1)
  3 ribbon worms
  23 orcs
  A bat (D:2)
  3 endoplasms (D:1)
  3 giant cockroaches
  9 hobgoblins
  2 jackals (D:4)
  5 quokkas
  6 ball pythons
  5 frilled lizards
  7 goblins
  12 kobolds
  7 rats
165 creatures vanquished.

Vanquished Creatures (collateral kills)
  A water moccasin zombie (D:7)
  Dowan (D:4)
  2 orc wizards
  A killer bee zombie (D:7)
  A goblin (D:4)
6 creatures vanquished.

Grand Total: 171 creatures vanquished

Notes
Turn   | Place    | Note
-------+----------+-------------------------------------------
     0 | D:1      | pokeman the Deep Elf Hedge Wizard began the quest for the
                  | Orb.
     0 | D:1      | Reached XP level 1. HP: 10/10 MP: 7/7
   204 | D:1      | Reached XP level 2. HP: 10/16 MP: 2/9
   508 | D:1      | Reached skill level 5 in Spellcasting
   508 | D:1      | Reached XP level 3. HP: 20/20 MP: 5/11
   512 | D:1      | Learned a level 3 spell: Mephitic Cloud
   515 | D:1      | Learned a level 2 spell: Call Imp
   518 | D:1      | Learned a level 2 spell: Blink
   571 | D:1      | Found Wicoziem's Weapon Emporium.
   960 | D:1      | Found Doepe's Distillery.
  1038 | D:1      | Reached skill level 1 in Armour
  1054 | D:1      | Reached skill level 1 in Fighting
  1537 | D:2      | Reached XP level 4. HP: 22/25 MP: 3/13
  2122 | D:2      | Found a roughly hewn altar of Beogh.
  2400 | D:2      | Found a faded altar of an unknown god.
  2659 | D:3      | Reached skill level 6 in Spellcasting
  2768 | D:3      | Reached XP level 5. HP: 13/29 MP: 11/15
  2915 | D:3      | Found Seaz Qau's Antique Armour Boutique.
  2968 | D:3      | You fall into a shaft and drop 1 floor!
  3224 | D:3      | Found a hazy altar of Hepliaklqana.
  3308 | D:3      | Reached skill level 1 in Air Magic
  3308 | D:3      | Reached skill level 1 in Alchemy
  3635 | D:3      | Noticed Natasha
  3643 | D:3      | Killed Natasha
  3699 | D:3      | Reached XP level 6. HP: 34/34 MP: 13/17
  3774 | D:3      | Noticed Natasha
  3778 | D:3      | Killed Natasha
  3779 | D:3      | Reached skill level 7 in Spellcasting
  4195 | D:3      | Noticed Natasha
  4203 | D:3      | Killed Natasha
  4793 | D:4      | Noticed an acid dragon
  4876 | D:4      | Reached XP level 7. HP: 40/40 MP: 4/20
  5217 | D:4      | Noticed Duvessa
  5217 | D:4      | Noticed Dowan
  5225 | D:4      | Killed Dowan
  5226 | D:4      | Reached skill level 1 in Earth Magic
  5254 | D:4      | Killed Duvessa
  5255 | D:4      | Reached skill level 8 in Spellcasting
  5255 | D:4      | Reached skill level 1 in Evocations
  5427 | D:5      | Entered Level 5 of the Dungeon
  5967 | D:5      | Reached skill level 9 in Spellcasting
  5967 | D:5      | Reached XP level 8. HP: 42/44 MP: 8/23
  6169 | D:5      | Found a staircase to the Ecumenical Temple.
  6202 | Temple   | Entered the Ecumenical Temple
  6284 | D:5      | Reached skill level 5 in Conjurations
  6626 | D:5      | Reached skill level 10 in Spellcasting
  6713 | D:5      | Found a runed translucent door.
  6714 | D:5      | Noticed Crazy Yiuf
  6761 | D:5      | Found an iron altar of Okawaru.
  6766 | D:5      | Found an ornate altar of the Wu Jian Council.
  6766 | D:5      | Found a glowing silver altar of Zin.
  6777 | D:5      | Found a basalt altar of Yredelemnul.
  6780 | D:5      | Found a broken altar of Ashenzari.
  7186 | D:5      | Killed Crazy Yiuf
  7262 | D:6      | Noticed Edmund
  7280 | D:6      | Noticed Jeremiah
  7295 | D:6      | Killed Jeremiah
  7298 | D:6      | Killed Edmund
  7307 | D:6      | HP: 1/44 [something (6)]
  7314 | D:6      | Reached XP level 9. HP: 3/48 MP: 5/25
  7634 | D:6      | Found a blossoming altar of Fedhas.
  7664 | D:6      | Reached skill level 11 in Spellcasting
  7692 | D:6      | Noticed Sigmund
  7718 | D:6      | Killed Sigmund
  7751 | D:6      | Noticed Eustachio
  7763 | D:6      | Killed Eustachio
  8060 | D:6      | Found a runed translucent door.
  8069 | D:6      | Noticed kftrendy's ghost (novice MDFi)
  8354 | D:6      | Found a sacrificial altar of Ru.
  8371 | D:6      | Reached skill level 12 in Spellcasting
  8371 | D:6      | Reached skill level 5 in Earth Magic
  8434 | D:6      | Found a snail-covered altar of Cheibriados.
  8703 | D:7      | Noticed Maurice
  8723 | D:7      | Killed Maurice
  9197 | D:7      | Reached XP level 10. HP: 49/54 MP: 18/28
  9248 | D:7      | Noticed a two-headed ogre
  9279 | D:7      | Killed a two-headed ogre
  9280 | D:7      | Reached skill level 13 in Spellcasting
  9280 | D:7      | Slain by a wight

Illustrated notes

Levels and vault maps discovered:
D:1:      sevenhm_arrival_forest_fort_large_2, layout_loops_ring, serial_shops,
          shop, shop
D:2:      layout_loops_ring, hellmonk_ecumenical_altar_defaced_shrine
D:3:      minmay_chambers_of_twos, layout_basic, mainiacjoe_overflow_alcove_4,
          serial_shops, nicolae_shop_real_fake_doors, uniq_natasha
D:4:      dreamdust_elfheim, layout_loops_ring, lightli_corner_chamber
D:5:      minmay_inner_zag, layout_basic, minmay_overflow_temple_star_hex,
          temple_statues, st_stairs_8, uniq_crazy_yiuf_cottage
D:6:      layout_rooms, mainiacjoe_overflow_boulevard, jmf_multi_god_temple2,
          ebering_ghost_sewer_d, dreamdust_gnoll_farm, uniq_jeremiah,
          uniq_eustachio, uniq_edmund, uniq_sigmund
D:7:      layout_basic, serial_undead, serial_undead_d, serial_undead_f,
          serial_undead_d, serial_undead_a, uniq_joseph, uniq_maurice
Temple:   nicolae_temple_ecumenical_triangle

Skill      XL: |  1  2  3  4  5  6  7  8  9 10 |
---------------+-------------------------------+-----
Spellcasting   | 5 6 7 9 10 12 13 | 13.0
Armour         | 1 2 3 |  3.2
Fighting       | 1 2 3 4 |  4.0
Conjurations   | 2 3 4 5 7 |  7.3
Stealth        | 3 |  3.0
Dodging        | 3 |  3.0
Air Magic      | 1 |  1.0
Alchemy        | 1 |  1.0
Earth Magic    | 1 3 5 |  5.9
Evocations     | 2 |  2.0
Summonings     | |  1.1
Translocations | |  1.1

Action                     |  1- 3 |  4- 6 |  7- 9 | 10-12 || total
---------------------------+-------+-------+-------+-------++-------
  Melee: Dagger            |     4 |    50 |    37 |       ||    91
         Short sword       |       |       |    20 |       ||    20
         Halberd           |       |       |   156 |     3 ||   159
   Cast: Magic Dart        |    85 |   165 |   187 |     9 ||   446
         Mephitic Cloud    |       |     6 |    38 |     2 ||    46
         Call Imp          |       |     2 |    10 |     1 ||    13
         Blink             |       |       |     1 |       ||     1
    Use: Potion            |       |       |     1 |       ||     1
   Stab: Confused          |       |     2 |    15 |       ||    17
 Armour: Robe              |    12 |    39 |   140 |     4 ||   195
  Dodge: Dodged            |    12 |    44 |   148 |     1 ||   205
  Block: Other             |     2 |    20 |    44 |     1 ||    67
         Reflection        |       |     1 |       |       ||     1

Table legend: (Time is in decaauts)
 A = Elapsed time spent in this place.
 B = Non-inter-level travel time spent in this place.
 C = Inter-level travel time spent in this place.
 D = Time resting spent in this place.
 E = Time spent auto-exploring this place.
 F = Levels seen in this place.
 G = Mean time per level.
                   A        B        C        D        E       F      G
               +--------+--------+--------+--------+--------+-----+--------+
         Total |   9358 |   9095 |    263 |    174 |   7503 |   8 | 1169.8 |
       Dungeon |   9356 |   9093 |    263 |    174 |   7503 |   7 | 1336.6 |
        Temple |      1 |      1 |      0 |      0 |      0 |   1 |    1.0 |
               +--------+--------+--------+--------+--------+-----+--------+

Top non-repeatable levels by time:
     D:5: 1850 daAuts
     D:3: 1628 daAuts
     D:1: 1454 daAuts
     D:6: 1362 daAuts
     D:2: 1185 daAuts
     D:4: 1158 daAuts
     D:7: 717 daAuts
  Temple: 1 daAuts
